 Dungeon Crawl Stone Soup version 0.30-a0-250-g41c1d76940 (webtiles) character file.

Game seed: 3769541977918617923

66 gzilladon the Stinger (level 3, -1/14 HPs)
             Began as a Felid Venom Mage on Oct 12, 2022.
             Slain by an adder (4 damage)
             ... on level 3 of the Dungeon.
             The game lasted 00:17:17 (2355 turns).

gzilladon the Stinger (Felid Venom Mage)            Turns: 2355, Time: 00:17:18

Health: -1/14      AC:  1    Str:  4    XL:     3   Next: 96%
Magic:  7/16       EV: 18    Int: 18    God:
Gold:   93         SH:  0    Dex: 16    Spells: 0/6 levels left
                                        Lives:  0   Deaths: 1

rFire   . . .      SeeInvis +      - Unarmed
rCold   . . .      Faith    .    (shield unavailable)
rNeg    . . .      Spirit   .    (body armour unavailable)
rPois   .          Reflect  .    (helmet unavailable)
rElec   .          Harm     .    (cloak unavailable)
rCorr   .          Rampage  .    (gloves unavailable)
Will    .....                    (boots unavailable)
Stlth   ++........               (no amulet)
HPRegen 0.22/turn                h - ring of magical power
MPRegen 0.15/turn                (no ring)

@: lethally poisoned (-1 -> -10), appendages (expiring), wereblooded, quick
A: horns 2, very small, claws 1, fangs 3, see invisible, speed 1, shaggy fur 1,
stealthy paws, no weapons or thrown items, no armour, multi-lived
a: End Transformation


You were on level 3 of the Dungeon.
You had temporarily grown beastly horns.
You visited 1 branch of the dungeon, and saw 3 of its levels.

You collected 93 gold pieces.

Inventory:

Missiles
 f - 9 stones
 i - 6 poisoned darts
Jewellery
 h - a ring of magical power (left paw)
Scrolls
 g - a scroll of acquirement {unknown}
 j - 3 scrolls of enchant weapon
 l - a scroll of vulnerability {unknown}
 n - a scroll of noise {unknown}
Potions
 a - a potion of magic
 b - 3 potions of heal wounds
 c - 3 potions of curing
 d - a potion of brilliance {unknown}
 e - a potion of resistance {unknown}
 k - 2 potions of cancellation {unknown}
 m - 2 potions of ambrosia {unknown}


   Skills:
 + Level 3.4 Dodging
 + Level 3.1 Stealth
 + Level 1.7 Unarmed Combat
 + Level 2.4 Spellcasting
 * Level 2.4 Transmutations
 + Level 3.6 Poison Magic


You couldn't memorise any spells.
You knew the following spells:

 Your Spells              Type           Power      Damage    Failure   Level
a - Sting                 Tmut/Pois      52%        1d5       4%          1
b - Poisonous Vapours     Pois/Air       16%        N/A       13%         2
c - Beastly Appendage     Tmut           20%        N/A       6%          1
d - Wereblood             Tmut           10%        N/A       10%         2

Your spell library contained the following spells:

 Spells                   Type           Power      Damage    Failure   Level
 Spider Form              Tmut/Pois      13%        N/A       16%         3
 Mephitic Cloud           Conj/Pois/Air  6%         N/A       32%         3
 Olgreb's Toxic Radiance  Pois           15%        N/A       36%         4


Dungeon Overview and Level Annotations

Branches:
Dungeon (3/15)

Altars:


Innate Abilities, Weirdness & Mutations

You have temporarily grown beastly horns.
You have sharp claws.
You have razor-sharp teeth.
You have supernaturally acute eyesight. (SInv)
You cover ground quickly. (Speed+)
You are covered in fur. (AC +1)
Your paws help you pounce on unaware monsters.
You are incapable of wielding weapons or throwing items.
You cannot wear armour.
You gain extra lives every three experience levels.


Message History

The sting hits the kobold.
The kobold is poisoned.
You kill the kobold!
An adder comes into view.
Casting: Sting (safe; 4% risk of failure)
Confirm with . or Enter, or press ? or * to list all spells.
Aiming: Sting (safe; 4% risk of failure)
Press: ? - help, Shift-Dir - straight line, f - adder
Aim: an adder (53% to hit)
The sting misses the adder.
The adder hisses angrily.
The adder misses you.
Casting: Sting (safe; 4% risk of failure)
Confirm with . or Enter, or press ? or * to list all spells.
Aiming: Sting (safe; 4% risk of failure)
Press: ? - help, Shift-Dir - straight line, f/p - adder
Aim: an adder (53% to hit)
The sting hits the adder.
The adder is poisoned.
The adder is moderately wounded.
Casting: Sting (safe; 4% risk of failure)
Confirm with . or Enter, or press ? or * to list all spells.
You grow a pair of large bovine horns.
The adder bites you.
You are poisoned.
The adder poisons you! The adder closely misses you.
The adder completely misses you.
Casting: Beastly Appendage (safe; 6% risk of failure)
Confirm with . or Enter, or press ? or * to list all spells.
Your blood is infused with primal strength.
You feel sick. The adder bites you but does no damage.
A bat comes into view.
The adder misses you.
You scratch the adder but do no damage.
You feel sick. The bat hits you but does no damage. The adder bites you.
You are lethally poisoned!
The adder poisons you! The adder closely misses you. The adder bites you.
You are more poisoned.
The adder poisons you!
You barely miss the adder.
* * * LOW HITPOINT WARNING * * *
You feel sick. The adder bites you.
You die...

#....# #.#.#######
#.#### #####.#.# #.#
###.......# #.#
#.....#.#.# #.#
##.#.#.#.#.# #.#
#........#..
##.######..#.#.###...
#.......#.....S#####.#
#..####.#...b.@S.....#
#..# #.####.####.....
#..###........ ####
#.............
#.###.#.#####.
#.###.#.# ## #.##....#
#>......# ####...##


You could see 2 adders and a bat.

Vanquished Creatures
  An orc priest (D:3)
  4 adders (D:2)
  2 worms
  A dart slug (D:1)
  An orc (D:3)
  7 endoplasms
  3 giant cockroaches
  4 goblins
  5 hobgoblins
  7 kobolds
  2 quokkas
  6 ball pythons
  5 bats
  3 frilled lizards
  3 rats
54 creatures vanquished.

Notes
Turn   | Place    | Note
-------+----------+-------------------------------------------
     0 | D:1      | gzilladon the Felid Venom Mage began the quest for the Orb.
     0 | D:1      | Reached XP level 1. HP: 7/7 MP: 4/4
   121 | D:1      | Reached XP level 2. HP: 6/11 MP: 0/6
   336 | D:1      | Learned a level 2 spell: Poisonous Vapours
   467 | D:1      | Found a faded altar of an unknown god.
   479 | D:1      | Learned a level 1 spell: Beastly Appendage
   858 | D:2      | Reached XP level 3. HP: 3/14 MP: 2/7
   982 | D:2      | Learned a level 2 spell: Wereblood
  1252 | D:2      | Reached skill level 1 in Unarmed Combat
  1252 | D:2      | Reached XP level 4. HP: 18/18 MP: 3/8
  2090 | D:3      | Slain by an orc
  2091 | D:3      | Reached XP level 3. HP: 0/14 MP: 12/16
  2355 | D:3      | Slain by an adder

Illustrated notes

Levels and vault maps discovered:
D:1:      wander_arrival_estate, layout_loops_ring,
          shapermc_ecumenical_altar_mp_vishouse, chequers_serial_rivers_room_b
D:2:      layout_loops_ring, minmay_tetromino_o2
D:3:      layout_loops_ring, minmay_circle_x

Skill      XL: |  1  2  3  4 |
---------------+-------------+-----
Poison Magic   | 3 |  3.6
Dodging        | 3 |  3.4
Transmutations | 2 |  2.4
Unarmed Combat | 1 |  1.7
Stealth        | 3 |  3.1
Spellcasting   | |  2.4

Action                   |  1- 3 |  4- 6 || total
-------------------------+-------+-------++-------
Melee: Unarmed           |    85 |    33 ||   118
       Bite              |     7 |     2 ||     9
       Headbutt          |     1 |     1 ||     2
 Cast: Sting             |    28 |    16 ||    44
       Beastly Appendage |     7 |     3 ||    10
       Poisonous Vapours |     1 |       ||     1
       Wereblood         |     2 |     2 ||     4
  Use: Scroll            |     2 |     2 ||     4
       Potion            |     2 |       ||     2
 Stab: Sleeping          |     9 |     3 ||    12
Armor: Skin              |     5 |     1 ||     6
Dodge: Dodged            |    72 |    41 ||   113

Table legend: (Time is in decaauts)
 A = Elapsed time spent in this place.
 B = Non-inter-level travel time spent in this place.
 C = Inter-level travel time spent in this place.
 D = Time resting spent in this place.
 E = Time spent auto-exploring this place.
 F = Levels seen in this place.
 G = Mean time per level.
                   A        B        C        D        E       F      G
               +--------+--------+--------+--------+--------+-----+--------+
         Total |   2035 |   1889 |    146 |    520 |      0 |   3 |  678.3 |
       Dungeon |   2035 |   1889 |    146 |    520 |      0 |   3 |  678.3 |
               +--------+--------+--------+--------+--------+-----+--------+

Top non-repeatable levels by time:
     D:2: 996 daAuts
     D:1: 717 daAuts
     D:3: 321 daAuts
